 Dungeon Crawl Stone Soup version 0.30.0-29-ga12c61a403 (webtiles) character file.

Game seed: 14696615033489150925

15774 hawla the Carver (level 12, -2/138 HPs)
             Began as a Meteoran Fire Elementalist on June 10, 2023.
             Was a Priest of Vehumet.
             Shot with a bolt by a naga sharpshooter (13 damage)
             ... on level 2 of the Lair of Beasts on June 12, 2023.
             The game lasted 00:38:23 (7002 turns).

hawla the Carver (Meteoran Fire Elementalist)       Turns: 7002, Time: 00:38:25

Health: -2/138     AC: 26    Str: 11    XL:     12   Next: 99%
Magic:  16/27      EV:  2    Int: 22    God:    Vehumet [***...]
Gold:   175        SH:  0    Dex: 20    Spells: 16/32 levels left

rFire   . . .        j - +7 Throatcutter {drain, coup de grace}
rCold   . . .        (no shield)
rNeg    . . .        t - melded +2 robe {rC+}
rPois   +            p - melded +2 hat
rElec   .            E - melded +0 cloak
rCorr   .            i - melded +1 pair of gloves
SInv    .            (boots currently unavailable)
Will    +....        (no amulet)
Stlth   +            d - ring of poison resistance
HPRegen 0.43/turn    M - +6 ring of dexterity
MPRegen 0.20/turn

%: no passive effects
@: tree-form, glowing
A: stationary, stasis, torment immunity, boosted hp, sense surroundings 2,
otherworldly, glowing, explore regen, (iridescent scales 1)
a: Renounce Religion


You were on level 2 of the Lair of Beasts.
You worshipped Vehumet.
Vehumet was most pleased with you.
You were a tree.
You visited 4 branches of the dungeon, and saw 15 of its levels.
You also visited: Sewer.

You collected 447 gold pieces.
You spent 272 gold pieces at shops.

Inventory:

Hand Weapons
 a - a +2 scimitar of flaming
 j - the +7 Throatcutter (weapon) {drain, coup de grace}
   (You took it off Terence on level 2 of the Dungeon)
 l - a +7 great sword of venom
 n - a +0 dagger of distortion
 I - the +5 dagger of Jifem {heavy, rCorr Int+4 Dex+2}
   (You found it on level 2 of the Lair of Beasts)

   Int:       It affects your intelligence (+4).
   Dex:       It affects your dexterity (+2).
   rCorr:     It protects you from acid and corrosion.
Armour
 i - a +1 pair of gloves (melded)
 p - a +2 hat (melded)
 t - a +2 robe of cold resistance (melded)
 w - +0 steam dragon scales
 B - a +0 robe of willpower
 E - a +0 cloak (melded)
Jewellery
 d - a ring of poison resistance (left branch)
 o - a ring of protection from fire
 q - the ring of Salvation {rC+ rCorr}
   (You found it on level 4 of the Dungeon)

   [ring of resist corrosion]

   rC:        It protects you from cold.
   rCorr:     It protects you from acid and corrosion.
 M - a +6 ring of dexterity (right branch)
Wands
 b - a wand of iceblast (14)
 s - a wand of mindburst (14) (quivered)
 v - a wand of charming (4)
 x - a wand of flame (5)
 C - a wand of quicksilver (5)
Scrolls
 c - 4 scrolls of amnesia
 e - a scroll of noise
 f - 2 scrolls of silence
 k - 2 scrolls of teleportation
 y - a scroll of fog
 A - a scroll of magic mapping
 F - a scroll of enchant weapon
 G - a scroll of acquirement {unknown}
 H - a scroll of identify
 J - a scroll of fear
 L - a scroll of poison
Potions
 g - a potion of heal wounds
 h - a potion of might
 m - 2 potions of brilliance
 u - a potion of haste
 z - 3 potions of curing
 D - a potion of attraction {unknown}
 K - a potion of magic


   Skills:
 + Level 4.4 Fighting
 + Level 11.8 Long Blades
 + Level 5.3 Dodging
 - Level 1.4 Stealth
 + Level 10.9 Spellcasting
 + Level 7.2 Conjurations
 + Level 6.5 Necromancy
 + Level 0.8 Translocations
 + Level 10.1 Fire Magic
 + Level 7.4 Earth Magic
 + Level 3.0 Evocations


You had 16 spell levels left.
You knew the following spells:

 Your Spells              Type           Power      Damage    Failure   Level
a - Foxfire               Conj/Fire      100%       2x1d9     1%          1
b - Scorch                Fire           100%       2d9       1%          2
c - Flame Wave            Conj/Fire      50%        2d12      1%          4
d - Borgnjor's Vile Clut  Necr/Erth      21%        N/A       9%          5
e - Iskenderun's Mystic   Conj/Tloc      29%        2d7       3%          4

Your spell library contained the following spells:

 Spells                   Type           Power      Damage    Failure   Level
 Inner Flame              Hex/Fire       34%        N/A       1%          3
 Volatile Blastmotes      Fire/Tloc      72%        2d16      1%          3
 Alistair's Intoxication  Tmut/Pois      8%         N/A       83%         5
 Eringya's Noxious Bog    Tmut/Pois      6%         N/A       88%         6


Dungeon Overview and Level Annotations

Branches:
Dungeon (10/15) Zot: 486   Temple (1/1) D:6 Zot: 451    Lair (3/5) D:10 Zot: 632
  Snake (1/4) Lair:2 Zot: 593   Sewer (visited)
  Swamp: Lair:2-3    Shoals: Lair:2-3       Orc: D:9-12

Altars:
Ashenzari
Cheibriados
Dithmenos
Elyvilon
Fedhas
Gozag
Hepliaklqana
Makhleb
Nemelex Xobeh
Okawaru
Qazlal
Ru
Sif Muna
Trog
Uskayaw
Vehumet
Wu Jian
Xom
Yredelemnul
Zin
The Shining One

Shops:
D:2 !   D:3 (   D:5 !   D:7 !

Annotations:
D:4 1 runed translucent door
D:5 Duvessa


Innate Abilities, Weirdness & Mutations

You are a tree.
Your roots penetrate the ground, keeping you stationary.
You cannot be teleported.
You are immune to unholy pain and torment.
Your maximum health is greatly increased.
Your equipment is partially melded.
You passively map the area around you.
You are easily found by Zot.
You glow in the dark.
You regain HP and MP as you explore.
((You are partially covered in iridescent scales. (AC +2)))


Message History

The naga sharpshooter magically shoots an arrow.
The arrow hits you!!
* * * LOW HITPOINT WARNING * * *
The naga sharpshooter shoots an arrow.
The arrow misses you.
The arrow barely misses the naga sharpshooter.
The naga sharpshooter gestures wildly while chanting.
The naga sharpshooter magically shoots a bolt.
The bolt hits you!
* * * LOW HITPOINT WARNING * * *
You climb upwards.
Welcome back to the Lair of Beasts!
There is a staircase to the Snake Pit here.
Unknown command.
Really quaff the potion of lignification?
You turn into a tree.
Your +0 cloak melds into your body.
Your +2 hat melds into your body.
Your +1 pair of gloves melds into your body.
Your +2 robe of cold resistance melds into your body.
You feel less resistant to cold.
Your roots penetrate the ground.
The naga sharpshooter casts a spell.
The naga sharpshooter magically shoots a bolt.
The bolt hits you.
* * * LOW HITPOINT WARNING * * *
Casting: Iskenderun's Mystic Blast (mildly dangerous; 3% risk of failure)
Confirm with . or Enter, or press ? or * to list all spells.
You erupt in a blast of force!
The mystic blast hits the plant!
The plant begins to die.
The plant is lightly damaged.
The mystic blast hits the naga sharpshooter.
The naga sharpshooter is lightly wounded.
The naga sharpshooter spits poison at you.
The splash of poison hits you but does no damage.
You resist.
Casting: Iskenderun's Mystic Blast (mildly dangerous; 3% risk of failure)
Confirm with . or Enter, or press ? or * to list all spells.
You erupt in a blast of force!
The mystic blast hits the plant!
The plant is lightly damaged.
The mystic blast hits the naga sharpshooter but does no damage.
The naga sharpshooter is lightly wounded.
The naga sharpshooter shoots a bolt.
The bolt hits you!
You die...

##∩###...................#...##
♣♣.♣ #........................#
♣.♣♣ #........~).~.#.....#...##
.♣♣ #........~~~~~..........##
♣†♣♣ #.......~~~~~~~.........P#
♣♣.♣♣#......~~~...~~~....#....#
♣♣.♣#.....~~~..P..~~~#.##...##
♣♣♣♣.#.....~~......P~~.......#
.....#.....~~..N♣..~~~.......##
♣♣♣♣.#.....~~.......~~........#
♣♣.♣#.....~~~..~..~~~.......##
♣♣.♣♣#......~[~...~~~........#
♣.♣♣ #......)~~~~~~~.........#
.♣♣ #........~~~~~..#####...#
♣.♣♣ #............~~.###..##.##
♣♣.♣ #....................##..#
##.###............#.......#P..#


You could see a naga sharpshooter (catching breath).

Vanquished Creatures
  A catoblepas (Lair:3)
  A two-headed ogre (D:10)
  Erica (D:10)
  A black mamba (Lair:2)
  8 cane toads
  Maggie (D:6)
  A rime drake (Lair:3)
  3 komodo dragons (Lair:2)
  A troll (D:9)
  Prince Ribbit (D:6)
  2 hornets
  4 blink frogs (Lair:2)
  A polar bear (Lair:2)
  A shadow (D:6)
  2 wraiths (D:10)
  3 wyverns
  14 yaks
  A steam dragon (D:9)
  A basilisk (Lair:1)
  Eustachio (D:6)
  Menkaure (D:6)
  2 nagas (Lair:2)
  5 water moccasins
  3 orc warriors
  3 sky beasts
  An ice beast (D:5)
  3 black bears
  A wolf (Lair:2)
  3 ogres
  4 centaurs
  A phantom (D:4)
  The ghost of Brutalitops the Slasher, an amateur DEBe of Trog (D:4)
  4 kobold brigands
  A gnoll sergeant (D:9)
  2 scorpions
  6 bullfrogs
  9 wights
  Dowan (D:5)
  An electric eel (Lair:2)
  2 jellies (D:6)
  2 gnoll boudas (D:5)
  7 orc priests
  4 hounds
  Terence (D:2)
  2 iguanas
  13 orc wizards
  13 gnolls
  7 adders
  A river rat (D:4)
  2 white imps
  An ufetubus (D:4)
  8 worms
  2 dart slugs
  30 orcs
  5 endoplasms
  4 giant cockroaches
  7 goblins
  10 hobgoblins
  22 kobolds
  3 quokkas
  13 ball pythons
  4 bats
  2 frilled lizards
  6 rats
272 creatures vanquished.

Vanquished Creatures (collateral kills)
  A foxfire (Sewer)
1 creature vanquished.

Vanquished Creatures (others)
  2 kobolds (D:9)
  291 foxfires
293 creatures vanquished.

Grand Total: 566 creatures vanquished

Notes
Turn   | Place    | Note
-------+----------+-------------------------------------------
     0 | D:1      | hawla the Meteoran Fire Elementalist began the quest for
                  | the Orb.
     0 | D:1      | Reached XP level 1. HP: 14/14 MP: 5/5
     2 | D:1      | Noticed a vampire
     2 | D:1      | Noticed an armataur
     4 | D:1      | Noticed a minotaur
     4 | D:1      | Noticed a draconian
     6 | D:1      | Noticed a gargoyle
     8 | D:1      | Noticed a tengu
     8 | D:1      | Noticed a merfolk
    10 | D:1      | Noticed a spriggan
    10 | D:1      | Noticed a ghoul
    12 | D:1      | Noticed a troll
    12 | D:1      | Noticed a demigod
    14 | D:1      | Noticed a naga
    14 | D:1      | Noticed an octopode
    18 | D:1      | Noticed a meteoran
    18 | D:1      | Noticed an ogre
    20 | D:1      | Noticed an elf
    20 | D:1      | Noticed a vine stalker
    22 | D:1      | Noticed a demonspawn
    22 | D:1      | Noticed a formicid
    24 | D:1      | Noticed a felid
    26 | D:1      | Noticed a draconian
    26 | D:1      | Noticed a meteoran
   130 | D:1      | Reached XP level 2. HP: 20/20 MP: 4/6
   133 | D:1      | Learned a level 2 spell: Scorch
   165 | D:2      | Reached XP level 3. HP: 26/26 MP: 4/8
   249 | D:2      | Reached XP level 4. HP: 33/33 MP: 3/9
   254 | D:2      | Learned a level 4 spell: Flame Wave
   318 | D:2      | Noticed Terence
   322 | D:2      | Killed Terence
   476 | D:2      | Found Nubbah's Distillery.
   486 | D:2      | Bought a potion of might for 44 gold pieces
   703 | D:3      | Found Tepnueni's Weapon Shoppe.
   734 | D:3      | Reached XP level 5. HP: 38/38 MP: 10/10
   907 | D:3      | Reached skill level 1 in Long Blades
  1074 | D:4      | Reached skill level 2 in Long Blades
  1074 | D:4      | Reached XP level 6. HP: 45/45 MP: 5/11
  1109 | D:4      | Reached skill level 3 in Long Blades
  1111 | D:4      | Reached skill level 4 in Long Blades
  1111 | D:4      | Reached XP level 7. HP: 45/50 MP: 12/12
  1117 | D:4      | HP: 1/46 [wight/+0 mace (3)]
  1119 | D:4      | Reached skill level 5 in Long Blades
  1247 | D:4      | Identified the ring of Salvation {rC+ rCorr}
  1352 | D:4      | Reached skill level 6 in Long Blades
  1380 | D:4      | Found a runed translucent door.
  1419 | D:4      | Noticed Brutalitops's ghost (amateur DEBe)
  1433 | D:4      | Killed Brutalitops's ghost
  1434 | D:4      | Reached XP level 8. HP: 45/57 MP: 1/14
  1730 | D:4      | Found a runed translucent door.
  1925 | D:5      | Entered Level 5 of the Dungeon
  1958 | D:5      | Found a glowing golden altar of the Shining One.
  1995 | D:5      | Reached skill level 5 in Conjurations
  2003 | D:5      | Reached skill level 1 in Fighting
  2003 | D:5      | Reached skill level 7 in Long Blades
  2003 | D:5      | Reached skill level 5 in Fire Magic
  2041 | D:5      | Found a blossoming altar of Fedhas.
  2152 | D:5      | Gained mutation: You passively map the area around you.
                  | [Meteoran growth]
  2152 | D:5      | Reached XP level 9. HP: 64/67 MP: 1/17
  2353 | D:5      | Noticed Dowan
  2354 | D:5      | Found Riorghan's Distillery.
  2356 | D:5      | Noticed Duvessa
  2363 | D:5      | Killed Dowan
  2364 | D:5      | Reached skill level 8 in Long Blades
  2364 | D:5      | Reached skill level 5 in Spellcasting
  2451 | D:6      | Found a staircase to the Ecumenical Temple.
  2464 | Temple   | Entered the Ecumenical Temple
  2583 | Temple   | Became a worshipper of Vehumet
  2690 | D:6      | Identified the +6 arbalest "Ipru Mit" {drain, *Corrode Fly
                  | MP+9 Stlth+}
  2735 | D:6      | Noticed Maggie
  2752 | D:6      | Killed Maggie
  2765 | D:6      | Noticed Eustachio
  2779 | D:6      | Killed Eustachio
  2862 | D:6      | Noticed Prince Ribbit
  2869 | D:6      | Killed Prince Ribbit
  2870 | D:6      | Reached XP level 10. HP: 75/75 MP: 14/21
  2915 | D:6      | Found a basalt altar of Yredelemnul.
  2957 | D:6      | Noticed Menkaure
  2961 | D:6      | Killed Menkaure
  2963 | D:6      | Found a glowing drain.
  2977 | Sewer    | Entered a sewer
  3043 | Sewer    | Reached * piety under Vehumet
  3043 | Sewer    | Offered knowledge of Kiss of Death by Vehumet.
  3525 | D:7      | Found Onafisula's Distillery.
  3530 | D:7      | Bought a potion of lignification for 36 gold pieces
  3530 | D:7      | Bought a potion of heal wounds for 60 gold pieces
  3530 | D:7      | Bought a potion of mutation for 96 gold pieces
  3530 | D:7      | Bought a potion of curing for 36 gold pieces
  3530 | D:7      | Gained mutation: You are partially covered in iridescent
                  | scales. (AC +2) [potion of mutation]
  3670 | D:8      | Reached skill level 9 in Long Blades
  3899 | D:8      | Reached XP level 11. HP: 77/83 MP: 7/24
  3954 | D:8      | Reached skill level 5 in Dodging
  4017 | D:8      | Offered knowledge of Static Discharge by Vehumet.
  4018 | D:8      | Reached ** piety under Vehumet
  4304 | D:9      | Learned a level 5 spell: Borgnjor's Vile Clutch
  4425 | D:9      | Found a sacrificial altar of Ru.
  4451 | D:9      | Reached skill level 1 in Necromancy
  4451 | D:9      | Reached skill level 1 in Earth Magic
  4695 | D:9      | Found an ornate altar of the Wu Jian Council.
  4818 | D:10     | Entered Level 10 of the Dungeon
  4923 | D:10     | Found a staircase to the Lair.
  5110 | D:10     | Noticed a two-headed ogre
  5113 | D:10     | Offered knowledge of Dazzling Flash by Vehumet.
  5123 | D:10     | Killed a two-headed ogre
  5124 | D:10     | Reached skill level 5 in Earth Magic
  5263 | D:10     | Reached skill level 5 in Necromancy
  5562 | D:10     | Noticed Erica
  5570 | D:10     | Killed Erica
  5830 | Lair:1   | Entered Level 1 of the Lair of Beasts
  5833 | Lair:1   | Reached *** piety under Vehumet
  5838 | Lair:1   | Reached skill level 10 in Long Blades
  5858 | Lair:1   | Reached XP level 12. HP: 51/91 MP: 3/26
  5936 | Lair:2   | Reached skill level 11 in Long Blades
  6008 | Lair:2   | Identified the +5 dagger of Jifem {heavy, rCorr Int+4
                  | Dex+2}
  6108 | Lair:2   | Offered knowledge of Iskenderun's Mystic Blast by Vehumet.
  6122 | Lair:2   | Learned a level 4 spell: Iskenderun's Mystic Blast
  6202 | Lair:2   | Found a staircase to the Snake Pit.
  6344 | Lair:2   | Reached skill level 10 in Spellcasting
  6498 | Snake:1  | Entered Level 1 of the Snake Pit
  6498 | Snake:1  | Noticed a naga sharpshooter
  6498 | Snake:1  | Noticed a naga sharpshooter
  6498 | Snake:1  | Noticed a naga sharpshooter
  6826 | Lair:3   | Reached skill level 10 in Fire Magic
  6900 | Lair:3   | Noticed a catoblepas
  6916 | Lair:3   | Killed a catoblepas
  7002 | Lair:2   | Shot with a bolt by a naga sharpshooter

Illustrated notes

Levels and vault maps discovered:
D:1:      kb_arrival_jail, layout_loops_ring
D:2:      layout_rooms, serial_shops, nicolae_shop_getting_attention,
          chequers_serial_rivers_room_b, uniq_terence
D:3:      layout_basic, serial_shops, nicolae_shop_bloodbath_and_beyond
D:4:      layout_basic, ebering_ghost_sewer_f
D:5:      layout_loops_cross, tso_metal_star, mainiacjoe_overflow_catwalk,
          serial_shops, nicolae_square_shop, corexii_item_surrounded_by_moat,
          uniq_grinder, uniq_duvessa
D:6:      layout_rooms, overflow_temple_1_default, temple_statues,
          cheibrodos_sewer_entry_bend, uniq_menkaure, uniq_maggie,
          uniq_prince_ribbit1, uniq_eustachio
D:7:      layout_loops_corners, lemuel_mausoleum_altar_kikubaaqudgha,
          serial_shops, shop
D:8:      layout_loops_ring, minmay_holes
D:9:      layout_roguey, kennysheep_little_box,
          mainiacjoe_overflow_six_doors_small
D:10:     layout_stronghold, dpeg_oklobed_lair, chequers_garden, uniq_erica
Temple:   kb_temple_of_zot
Lair:1:   layout_hall_layers, lemuel_fruit_tree
Lair:2:   nzn_winding_woodlands_stair_trap [nzn_winding_woodlands_5x15_twine,
          nzn_winding_woodlands_5x15_sawtooth, nzn_winding_woodlands_5x15_cabin,
          nzn_winding_woodlands_15x15_thick_spiral,
          nzn_winding_woodlands_5x15_crooked, nzn_winding_woodlands_5x15_parted,
          nzn_winding_woodlands_5x15_river_crossing], layout_regular_city,
          guppyfry_snake_entry_island
Lair:3:   layout_hall_layers, elwin_shoals_entry_rooms
Snake:1:  layout_onion

Skill      XL: |  1  2  3  4  5  6  7  8  9 10 11 12 |
---------------+-------------------------------------+-----
Spellcasting   | 3 4 6 8 9 10 | 10.9
Fire Magic     | 4 5 7 9 10 | 10.1
Conjurations   | 3 4 5 6 7 |  7.2
Long Blades    | 2 4 6 7 8 9 10 11 | 11.8
Dodging        | 3 4 5 |  5.3
Fighting       | 2 3 4 |  4.4
Evocations     | 3 |  3.0
Necromancy     | 5 6 |  6.5
Earth Magic    | 6 7 |  7.4
Stealth        | |  1.4
Translocations | |  0.8

Action                     |  1- 3 |  4- 6 |  7- 9 | 10-12 || total
---------------------------+-------+-------+-------+-------++-------
  Melee: Unarmed           |     2 |     1 |       |       ||     3
         Long sword        |       |    39 |    62 |   183 ||   284
         Punch             |       |       |       |     2 ||     2
   Cast: Foxfire           |    30 |    25 |    33 |    80 ||   168
         Scorch            |     1 |     4 |    25 |    62 ||    92
         Flame Wave        |       |       |     9 |    25 ||    34
         Borgnjor's Vile C |       |       |       |    19 ||    19
         Iskenderun's Myst |       |       |       |    10 ||    10
  Evoke: Wand              |       |       |       |     1 ||     1
    Use: Scroll            |     2 |     3 |     8 |    11 ||    24
         Potion            |       |       |     6 |     3 ||     9
 Armour: Robe              |       |     4 |    27 |   112 ||   143
         Skin              |       |       |       |     1 ||     1
  Dodge: Dodged            |     1 |    28 |    40 |   162 ||   231
